 Dungeon Crawl Stone Soup version 0.29-a0-338-g1ff7896281 (webtiles) character file.

Game seed: 4243887580357535985

162 Agony the Ruffian (level 5, -3/46 HPs)
             Began as a Ghoul Monk on Apr 18, 2022.
             Slain by a wyvern (9 damage)
             ... on level 4 of the Dungeon.
             The game lasted 00:10:43 (1855 turns).

Agony the Ruffian (Ghoul Monk)                      Turns: 1855, Time: 00:10:43

Health: -3/46      AC: 13    Str: 17    XL:     5   Next: 43%
Magic:  4/4        EV: 10    Int:  9    God:
Gold:   64         SH:  0    Dex: 11    Spells: 4/4 levels left

rFire   . . .      SeeInvis .     - Unarmed
rCold   + + +      Faith    .   (no shield)
rNeg    + + +      Spirit   .   h - +7 scale mail of the New World {rC++ Will+ Regen+ Int+4}
rPois   ∞          Reflect  .   (no helmet)
rElec   .          Harm     .   (no cloak)
rCorr   .          Rampage  .   (no gloves)
Will    +....                   (no boots)
Stlth   +.........              (no amulet)
HPRegen 0.00/turn               (no ring)
MPRegen 0.09/turn               (no ring)

@: mighty, inhibited regen
A: claws 1, cold resistance 1, negative energy resistance 3, inhibited
regeneration, torment resistance 2, devour on kill
a: no special abilities


You were on level 4 of the Dungeon.
You visited 1 branch of the dungeon, and saw 4 of its levels.

You collected 140 gold pieces.
You spent 76 gold pieces at shops.

Inventory:

Missiles
 i - 19 poisoned darts
 n - 2 atropa-tipped darts (quivered)
Armour
 h - the +7 scale mail of the New World (worn) {rC++ Will+ Regen+ Int+4}
   (You found it on level 2 of the Dungeon)

   Int:       It affects your intelligence (+4).
   rC:        It greatly protects you from cold.
   Regen:     It increases your rate of health regeneration.
   Will:      It increases your willpower.
Scrolls
 g - 2 scrolls of noise
 k - a scroll of blinking
 l - a scroll of vulnerability
 m - a scroll of magic mapping
Potions
 a - a potion of heal wounds {unknown}
 b - a potion of ambrosia
 c - 2 potions of might
 d - a potion of cancellation {unknown}
 e - 2 potions of curing {unknown}
 f - 2 potions of brilliance


   Skills:
 + Level 4.0 Fighting
 + Level 1.3 Armour
 + Level 3.3 Dodging
 + Level 3.2 Stealth
 * Level 4.6 Unarmed Combat


You had 4 spell levels left.
You didn't know any spells.
Your spell library contained the following spells:

 Spells                   Type           Power      Damage    Failure   Level
 Dazzling Flash           Conj/Hex       0%         N/A       99%         3
 Agony                    Necr           0%         N/A       100%        5
 Silence                  Hex/Air        0%         N/A       100%        5


Dungeon Overview and Level Annotations

Branches:
Dungeon (4/15)
 Temple: D:4-7

Altars:
Uskayaw

Shops:
D:3 *

Annotations:
D:4 Grinder


Innate Abilities, Weirdness & Mutations

You are immune to poison.
You have sharp fingernails.
Your flesh is cold resistant. (rC+)
You are immune to negative energy. (rN+++)
You do not regenerate when monsters are visible.
You are immune to unholy pain and torment.
You thrive by killing the living.


Message History

Grinder shouts!
You hear a shout!
The wyvern bites you but does no damage.
The wyvern bites you but does no damage.
The wyvern bites you but does no damage.
Throw: 4 darts (atropa)
Press: ? - help, Q - select action, (/) - cycle Shift-Dir - straight line, f - wyvern
Aim: a wyvern (57% to hit, chance to blind on hit: 51%)
You throw an atropa-tipped dart. The atropa-tipped dart hits the wyvern.
The wyvern resists.
The wyvern barely misses you.
You scratch the wyvern.
The wyvern is moderately wounded.
The wyvern misses you.
Grinder says, "I used to sell toenails on the black market."
The wyvern bites you!
You barely miss the wyvern.
The wyvern is moderately wounded.
The wyvern bites you but does no damage.
Grinder blinks!
You barely miss the wyvern.
The wyvern is moderately wounded.
The wyvern bites you but does no damage.
You closely miss the wyvern.
The wyvern is moderately wounded.
The wyvern bites you! The wyvern barely misses you.
The wyvern attacks as you move away!
The wyvern bites you but does no damage. x2
There is a stone staircase leading up here.
Throw: 3 darts (atropa)
Press: ? - help, Q - select action, (/) - cycle Shift-Dir - straight line, f/p - wyvern
Aim: a wyvern (moderately wounded, 57% to hit, chance to blind on hit: 51%)
You throw an atropa-tipped dart. The atropa-tipped dart hits the wyvern.
The wyvern resists.
The wyvern is moderately wounded.
The wyvern bites you!
You feel very mighty all of a sudden. The wyvern bites you!
* * * LOW HITPOINT WARNING * * *
The wyvern bites you!
You die...

#...# ...
####...##..♣
.........#
..$.....#
.......#
####...##...
#5.(5.......
#l##..(##...
#@###.## #.#
.# #.# .5
#.# .#. ...
.... ..# ..
.. ..# #..#


You could see Grinder and a wyvern.

Vanquished Creatures
  A black bear (D:3)
  3 adders
  A dart slug (D:2)
  2 orcs (D:3)
  4 ball pythons
  An endoplasm (D:3)
  A giant cockroach (D:2)
  A goblin (D:3)
  11 hobgoblins
  5 kobolds
  4 bats
  2 frilled lizards
  A rat (D:2)
37 creatures vanquished.

Vanquished Creatures (others)
  7 fungi (D:2)
7 creatures vanquished.

Grand Total: 44 creatures vanquished

Notes
Turn   | Place    | Note
-------+----------+-------------------------------------------
     0 | D:1      | Agony the Ghoul Monk began the quest for the Orb.
     0 | D:1      | Reached XP level 1. HP: 19/19 MP: 0/0
   204 | D:1      | Reached XP level 2. HP: 26/26 MP: 1/1
   637 | D:2      | Identified the +7 scale mail of the New World {rC++ Will+
                  | Regen+ Int+4}
   657 | D:2      | Found a hide-covered altar of Uskayaw.
   826 | D:2      | Reached XP level 3. HP: 31/31 MP: 2/2
  1043 | D:3      | Noticed a black bear
  1213 | D:3      | Found Junux's General Store.
  1269 | D:3      | Bought a scroll of identify for 24 gold pieces
  1269 | D:3      | Bought a scroll of identify for 24 gold pieces
  1269 | D:3      | Bought 4 atropa-tipped darts for 28 gold pieces
  1442 | D:3      | Killed a black bear
  1443 | D:3      | Reached skill level 1 in Armour
  1443 | D:3      | Reached XP level 4. HP: 25/40 MP: 3/3
  1443 | D:3      | Reached XP level 5. HP: 28/46 MP: 4/4
  1843 | D:4      | Noticed a wyvern
  1844 | D:4      | Noticed Grinder
  1855 | D:4      | Slain by a wyvern

Illustrated notes

Levels and vault maps discovered:
D:1:      minmay_arrival_five_plusses, layout_rooms
D:2:      layout_rooms, basic_altar, dreamdust_mushroom_princess
D:3:      layout_basic, serial_shops, shop
D:4:      layout_loops_ring, temple_statues, grunt_ministairs_2,
          minmay_misc_feat_cross, uniq_grinder, uniq_blork_the_orc,
          uniq_sigmund, uniq_crazy_yiuf_cottage, uniq_menkaure

Skill      XL: |  1  2  3 |
---------------+----------+-----
Dodging        | 3 |  3.3
Unarmed Combat | 4 |  4.6
Fighting       | 4 |  4.0
Armour         | 1 |  1.3
Stealth        | 3 |  3.2

Action                   |  1- 3 |  4- 6 || total
-------------------------+-------+-------++-------
Melee: Unarmed           |   112 |    26 ||   138
       Punch             |     3 |       ||     3
Throw: Dart              |     3 |     2 ||     5
  Use: Scroll            |     7 |       ||     7
       Potion            |       |     1 ||     1
 Stab: Sleeping          |     3 |       ||     3
       Invisible         |     1 |       ||     1
Armor: Robe              |     7 |       ||     7
       Scale mail        |    44 |    26 ||    70
Dodge: Dodged            |    62 |    17 ||    79

Table legend: (Time is in decaauts)
 A = Elapsed time spent in this place.
 B = Non-inter-level travel time spent in this place.
 C = Inter-level travel time spent in this place.
 D = Time resting spent in this place.
 E = Time spent auto-exploring this place.
 F = Levels seen in this place.
 G = Mean time per level.
                   A        B        C        D        E       F      G
               +--------+--------+--------+--------+--------+-----+--------+
         Total |   1845 |   1845 |      0 |    117 |   1048 |   4 |  461.2 |
       Dungeon |   1845 |   1845 |      0 |    117 |   1048 |   4 |  461.2 |
               +--------+--------+--------+--------+--------+-----+--------+

Top non-repeatable levels by time:
     D:3: 759 daAuts
     D:1: 582 daAuts
     D:2: 488 daAuts
     D:4: 14 daAuts
